 Dungeon Crawl Stone Soup version 0.29-a0-364-g921d912d32 (webtiles) character file.

Game seed: 3948907452502797795

15140 holysushi the Slicer (level 11, -2/90 HPs)
             Began as a Demonspawn Monk on May 1, 2022.
             Was a High Priest of Dithmenos.
             Slain by Kirke (3 damage)
             ... on level 11 of the Dungeon.
             The game lasted 00:34:17 (18664 turns).

holysushi the Slicer (Demonspawn Monk)             Turns: 18664, Time: 00:34:18

Health: -2/90      AC:  0    Str: 12    XL:     11   Next: 97%
Magic:  0/14       EV: 22    Int: 11    God:    Dithmenos [*****.]
Gold:   563        SH:  5    Dex: 20    Spells: 10/14 levels left

rFire   . . .      SeeInvis .   (weapon currently unavailable)
rCold   . . .      Faith    .   (shield currently unavailable)
rNeg    . . .      Spirit   +   (body armour currently unavailable)
rPois   .          Reflect  +   (helmet currently unavailable)
rElec   .          Harm     .   (cloak currently unavailable)
rCorr   .          Rampage  .   (gloves currently unavailable)
Will    .....                   (boots currently unavailable)
Stlth   +++++.....              J - amulet of reflection
HPRegen 0.25/turn               (ring currently unavailable)
MPRegen 0.28/turn               (ring currently unavailable)

@: pig-form, slowed, wreathed by umbra, studying Short Blades
A: fast, no casting, small, (yellow scales 2), magic shield, magic regeneration,
(demonic touch 2)
a: Renounce Religion, Shadow Step, Shadow Form


You were on level 11 of the Dungeon.
You worshipped Dithmenos.
Dithmenos was extremely pleased with you.
You were a filthy swine.
You visited 2 branches of the dungeon, and saw 14 of its levels.
You also visited: Ossuary and Ice Cave.

You collected 2085 gold pieces.
You spent 1522 gold pieces at shops.

Inventory:

Hand Weapons
 a - a +0 short sword of venom
 o - a +1 dagger of venom
 y - the +7 dagger of Naulog {vamp, rElec}
   (You bought it in a shop on level 8 of the Dungeon)

   It occasionally heals its wielder for a portion of the damage dealt when it
   wounds a living foe.
   rElec:     It insulates you from electricity.
 K - the +7 Spriggan's Knife (melded) {stab, EV+4 Stlth+}
   (You acquired it on level 10 of the Dungeon)

   It is more effective when stabbing unaware enemies, treating them as though
   they were completely helpless.
   EV:        It affects your evasion (+4).
   Stlth:     It makes you more stealthy.
 M - a +4 dagger of chaos
Missiles
 l - 2 throwing nets (quivered)
Armour
 b - a +0 robe
 g - a +0 cloak of poison resistance (melded)
 p - a +1 leather armour of willpower
 v - the +1 pair of boots of Xaist (melded) {rF+}
   (You bought it in a shop on level 8 of the Dungeon)

   rF:        It protects you from fire.
 C - +1 steam dragon scales (melded)
 F - +0 acid dragon scales
 I - a +0 troll leather armour
Jewellery
 m - a ring of positive energy
 A - a ring of wizardry (melded)
 E - a ring of willpower (melded)
 J - an amulet of reflection (around neck)
Wands
 n - a wand of charming (6)
 B - a wand of flame (5)
Scrolls
 e - 2 scrolls of summoning
 f - 8 scrolls of teleportation
 q - a scroll of fog
 z - 2 scrolls of magic mapping
 D - 2 scrolls of fear
 G - 4 scrolls of blinking
Potions
 c - a potion of invisibility
 d - a potion of resistance
 h - 5 potions of attraction
 i - 2 potions of might
 j - 7 potions of flight
 k - 2 potions of brilliance
 r - 3 potions of heal wounds
 s - 4 potions of lignification
 t - 2 potions of curing {unknown}
 u - 2 potions of berserk rage
 w - 7 potions of mutation
 x - 2 potions of ambrosia
 L - 2 potions of cancellation
Miscellaneous
 H - a phial of floods


   Skills:
 + Level 10.1 Fighting
 + Level 12.4 Short Blades
 * Level 10.7 Dodging
 + Level 5.0 Stealth
 - Level 2.0 Spellcasting
 + Level 2.6 Summonings
 + Level 0.4 Translocations
 - Level 3.0 Evocations


You had 10 spell levels left.
You knew the following spells:

 Your Spells              Type           Power      Damage    Failure   Level
a - Blink                 Tloc           4%         N/A       36%         2
b - Call Imp              Summ           6%         N/A       16%         2

Your spell library contained the following spells:

 Spells                   Type           Power      Damage    Failure   Level
 Animate Skeleton         Necr           2%         N/A       28%         1
 Magic Dart               Conj           4%         1d3       28%         1
 Pain                     Necr           4%         1d4       28%         1
 Sandblast                Erth           2%         2d4       28%         1
 Ensorcelled Hibernation  Hex/Ice        2%         N/A       41%         2
 Passwall                 Tmut/Erth      0%         N/A       41%         2
 Scorch                   Fire           2%         2d5       41%         2
 Searing Ray              Conj           2%         2d4       41%         2
 Lesser Beckoning         Tloc           2%         N/A       58%         3
 Conjure Flame            Conj/Fire      1%         6-21      65%         3
 Ignite Poison            Fire/Tmut/Pois 1%         N/A       65%         3
 Mephitic Cloud           Conj/Pois/Air  1%         N/A       65%         3
 Ozocubu's Armour         Ice            1%         N/A       65%         3
 Spider Form              Tmut/Pois      1%         N/A       65%         3
 Stone Arrow              Conj/Erth      2%         3d7       65%         3
 Vampiric Draining        Necr           1%         2d6       65%         3
 Summon Ice Beast         Ice/Summ       3%         N/A       86%         4
 Summon Lightning Spire   Summ/Air       3%         N/A       86%         4
 Passage of Golubria      Tloc           2%         N/A       94%         4
 Airstrike                Air            0%         N/A       96%         4
 Anguish                  Hex/Necr       0%         N/A       96%         4
 Flame Wave               Conj/Fire      1%         2d4       96%         4
 Fulminant Prism          Conj/Hex       0%         3d6       96%         4
 Sticky Flame             Conj/Fire      1%         2d3       96%         4
 Summon Mana Viper        Hex/Summ       3%         N/A       99%         5
 Lightning Bolt           Conj/Air       0%         1d11      100%        5
 Manifold Assault         Tloc           2%         N/A       100%        5
 Silence                  Hex/Air        0%         N/A       100%        5
 Summon Cactus Giant      Summ           3%         N/A       100%        6
 Monstrous Menagerie      Summ           3%         N/A       100%        7
 Ozocubu's Refrigeration  Ice            0%         4d5       100%        7
 Storm Form               Tmut/Air       0%         N/A       100%        7
 Lehudib's Crystal Spear  Conj/Erth      0%         10d2      100%        8
 Maxwell's Capacitive Co  Air            0%         ∞         100%        8
 Chain Lightning          Conj/Air       0%         2d1       100%        9
 Fire Storm               Conj/Fire      0%         6d1       100%        9
 Shatter                  Erth           0%         3d5*      100%        9


Dungeon Overview and Level Annotations

Branches:
Dungeon (13/15)            Temple (1/1) D:5            Lair (0/6) D:10
    Orc (0/2) D:10        Ossuary (visited)           IceCv (visited)
 Vaults: D:13-14

Altars:
Dithmenos
Elyvilon
Fedhas
Hepliaklqana
Kikubaaqudgha
Makhleb
Nemelex Xobeh
Okawaru
Ru
Sif Muna
Trog
Uskayaw
Vehumet
Wu Jian
Yredelemnul
Zin

Shops:
D:1 *   D:3 (   D:8 *

Annotations:
D:5 exclusion: downstairs
D:8 2 transporters, donath's ghost, novice MfIE
D:9 exclusions: downstairs and fire dragon
D:10 2 runed translucent doors
D:11 1 runed translucent door, Kirke


Innate Abilities, Weirdness & Mutations

You are a filthy swine.
You move quickly.
Your equipment is almost entirely melded.
You are incapable of wielding weapons or throwing items.
You cannot cast spells.
((You are mostly covered in yellow scales. (AC +3)))
When hurt, damage is shared between your health and your magic reserves.
You regenerate magic rapidly.
((Your touch may inflict irresistible damage on your foes.))


Message History

You feel a momentary urge to oink.
You hit Kirke.
Kirke is severely wounded.
Kirke completely misses you. Kirke closely misses you.
You hit Kirke.
Kirke is almost dead.
Kirke misses you.
You hit Kirke.
Kirke is almost dead.
Kirke hits you!
Unknown command.
You hit Kirke.
Kirke is almost dead.
Kirke mumbles some strange words.
Kirke summons a sphinx!
You closely miss Kirke.
Kirke is almost dead.
Kirke hits you!
You hit Kirke.
Kirke is almost dead.
Your shadow hits Kirke. Kirke hits you! You block the sphinx's attack.
The sphinx barely misses you. The sphinx misses you. Kirke hits you!
You closely miss Kirke.
Kirke is almost dead.
Your shadow hits Kirke. You block the sphinx's attack. The sphinx misses you.
The sphinx completely misses you. Kirke hits you! The sphinx misses you.
The sphinx completely misses you. The sphinx hits you.
Unknown command.
Okay, then.
Aiming: Throw Flame
Press: ? - help, Shift-Dir - straight line, f - Kirke
Aim: Kirke (almost dead, umbra, 71% to hit)
The puff of flame hits Kirke.
Kirke is almost dead.
The sphinx hits you!!
* * * LOW HITPOINT WARNING * * *
The sphinx hits you!
* * * LOW HITPOINT WARNING * * *
The sphinx barely misses you. Kirke hits you.
You die...

.# ####.####
.##
##.......#
.≈##
##≈.......#
.≈≈#
#≈≈.......#
..≈#
#≈........#
..≈#
#≈........#
.>≈##
##≈........#
..≈≈#
#≈≈........#
....#
###......Hh#
....#
#######@##
....# #.#
'#### #.# .#
#.# ######
#####.##
.....#
#......#
.^.(.#
#......#
.....####
#......#


You could see Kirke and a sphinx (summoned).

Vanquished Creatures
  A fire dragon (D:9)
  A two-headed ogre (D:10)
  3 death yaks (D:10)
  2 tengu warriors
  A gargoyle (D:10)
  An unseen horror (D:11)
  Psyche (D:12)
  A hornet (D:8)
  2 trolls (D:9)
  A shadow (D:10)
  2 wyverns
  23 yaks
  2 hogs (D:12)
  3 steam dragons
  3 acid dragons
  A water moccasin (D:7)
  3 orc warriors (D:8)
  Duvessa (D:6)
  Pargi (D:3)
  2 black bears
  2 ogres (Temple)
  4 centaurs
  A phantom (D:7)
  A kobold brigand (D:8)
  3 bullfrogs
  A gnoll sergeant (D:6)
  A necrophage (D:4)
  5 scorpions
  4 wights (D:7)
  Dowan (D:6)
  31 killer bees
  5 jellies
  Crazy Yiuf (D:6)
  2 gnoll shamans
  4 orc priests
  Jessica (D:2)
  Natasha (twice) (D:2)
  4 iguanas
  Ijyb (D:3)
  8 orc wizards
  A hell rat (D:10)
  8 mummies (Ossuary)
  15 gnolls
  A river rat (D:10)
  6 adders
  A white imp (D:6)
  5 ufetubi
  3 worms
  2 dart slugs
  45 orcs
  8 bats
  10 endoplasms
  3 giant cockroaches
  A gnoll zombie (Ossuary)
  6 goblins
  8 hobgoblins
  6 jackals
  10 kobolds
  10 quokkas
  6 ball pythons
  4 frilled lizards
  3 kobold zombies (Ossuary)
  4 orc zombies (Ossuary)
  6 rats
309 creatures vanquished.

Vanquished Creatures (others)
  A wizard (D:9)
  A human (D:8)
2 creatures vanquished.

Grand Total: 311 creatures vanquished

Notes
Turn   | Place    | Note
-------+----------+-------------------------------------------
     0 | D:1      | holysushi the Demonspawn Monk began the quest for the Orb.
     0 | D:1      | Reached XP level 1. HP: 18/18 MP: 1/1
    99 | D:1      | Found Nastetac's Assorted Antiques.
   132 | D:1      | Reached skill level 3 in Short Blades
   313 | D:1      | Gained mutation: Your touch may inflict minor irresistible
                  | damage on your foes. [demonic ancestry]
   313 | D:1      | Reached XP level 2. HP: 14/24 MP: 2/2
  1115 | D:1      | Bought a scroll labelled SEJIFY SACVOS for 23 gold pieces
  1115 | D:1      | Bought a scroll labelled UHORCH OLIH for 23 gold pieces
  1159 | D:2      | Found a shadowy altar of Dithmenos.
  1159 | D:2      | Noticed Jessica
  1165 | D:2      | Killed Jessica
  1166 | D:2      | Gained mutation: You regenerate magic rapidly. [demonic
                  | ancestry]
  1166 | D:2      | Reached XP level 3. HP: 29/29 MP: 3/3
  1182 | D:2      | Became a worshipper of Dithmenos the Shadowed
  1182 | D:2      | Reached * piety under Dithmenos
  1182 | D:2      | Reached ** piety under Dithmenos
  1497 | D:2      | Reached XP level 4. HP: 16/37 MP: 4/4
  1796 | D:1      | Reached skill level 4 in Short Blades
  2135 | D:2      | Noticed Natasha
  2144 | D:2      | Killed Natasha
  2455 | D:2      | Gained mutation: You are partially covered in yellow
                  | scales. (AC +2) [demonic ancestry]
  2455 | D:2      | Reached XP level 5. HP: 42/42 MP: 5/5
  2676 | D:2      | Noticed Natasha
  2700 | D:2      | Killed Natasha
  3212 | D:3      | Noticed Ijyb
  3219 | D:3      | Killed Ijyb
  3519 | D:3      | Noticed a centaur
  3531 | D:3      | Killed a centaur
  3531 | D:3      | Reached *** piety under Dithmenos
  3532 | D:3      | Reached skill level 5 in Short Blades
  3532 | D:3      | Gained mutation: Your touch may inflict irresistible damage
                  | on your foes. [demonic ancestry]
  3532 | D:3      | Reached XP level 6. HP: 22/49 MP: 6/6
  3763 | D:3      | Found Katav's Weapon Emporium.
  3813 | D:3      | Found a faded altar of an unknown god.
  3982 | D:3      | Noticed Pargi
  4004 | D:3      | Killed Pargi
  4773 | D:4      | Reached XP level 7. HP: 48/55 MP: 7/7
  4841 | D:4      | Reached skill level 5 in Fighting
  4841 | D:4      | Reached skill level 6 in Short Blades
  5452 | D:5      | Entered Level 5 of the Dungeon
  5539 | D:5      | Noticed a wyvern
  5558 | D:5      | Killed a wyvern
  5559 | D:5      | Reached skill level 7 in Short Blades
  5837 | D:5      | Gained mutation: You are mostly covered in yellow scales.
                  | (AC +3) [demonic ancestry]
  5837 | D:5      | Reached XP level 8. HP: 62/64 MP: 8/8
  6099 | D:5      | Found a staircase to the Ecumenical Temple.
  6192 | Temple   | Entered the Ecumenical Temple
  7175 | D:6      | Noticed Duvessa
  7175 | D:6      | Noticed Dowan
  7194 | D:6      | Killed Duvessa
  7308 | D:6      | Killed Dowan
  7309 | D:6      | Reached skill level 1 in Evocations
  7800 | D:6      | Reached skill level 8 in Short Blades
  7864 | D:6      | Identified a scroll of acquirement
  7864 | D:6      | Acquired a manual of Short Blades
  9125 | D:6      | Reached XP level 9. HP: 71/71 MP: 9/9
  9347 | D:5      | Found a staircase to the Ecumenical Temple.
  9623 | D:6      | Found a sacrificial altar of Ru.
  9798 | D:6      | Found a runed translucent door.
  9799 | D:6      | Noticed Crazy Yiuf
  9806 | D:6      | Killed Crazy Yiuf
  9867 | D:7      | Reached skill level 5 in Dodging
  9920 | D:7      | Reached **** piety under Dithmenos
 10012 | D:7      | Found a sand-covered staircase.
 10020 | Ossuary  | Entered an ossuary
 10464 | Ossuary  | Acquired 946 gold pieces
 10643 | D:7      | Reached skill level 9 in Short Blades
 11404 | D:8      | Found a transporter.
 11407 | D:8      | Noticed a harpy
 11407 | D:8      | Noticed donath's ghost (novice MfIE)
 11410 | D:8      | Noticed a boulder beetle
 11415 | D:8      | Found Toamos's General Store.
 11420 | D:8      | Found an ancient bone altar of Kikubaaqudgha.
 11423 | D:8      | Bought a book of Spatial Translocations for 312 gold pieces
 11423 | D:8      | Bought the +1 pair of boots of Xaist {rF+} for 282 gold
                  | pieces
 11423 | D:8      | Bought the +7 dagger of Naulog {vamp, rElec} for 660 gold
                  | pieces
 11423 | D:8      | Bought a scroll of magic mapping for 42 gold pieces
 11435 | D:8      | Learned a level 2 spell: Blink
 11440 | D:8      | Noticed a guardian serpent
 11470 | D:8      | Reached XP level 10. HP: 69/80 MP: 10/10
 11653 | D:8      | Reached skill level 10 in Short Blades
 11662 | D:8      | Found a transporter.
 11841 | D:8      | Noticed an eye of devastation
 11933 | D:8      | Reached ***** piety under Dithmenos
 12472 | D:8      | Found a radiant altar of Vehumet.
 12646 | D:8      | Bought a scroll of identify for 24 gold pieces
 12646 | D:8      | Bought a scroll of identify for 24 gold pieces
 12646 | D:8      | Bought a scroll of fear for 42 gold pieces
 12646 | D:8      | Bought a scroll of enchant armour for 90 gold pieces
 12944 | D:9      | Reached skill level 11 in Short Blades
 13219 | D:9      | Noticed a fire dragon
 13239 | D:9      | Killed a fire dragon
 13240 | D:9      | Gained mutation: When hurt, damage is shared between your
                  | health and your magic reserves. [demonic ancestry]
 13240 | D:9      | Reached XP level 11. HP: 76/89 MP: 7/11
 13590 | D:9      | Found a bloodstained altar of Trog.
 13591 | D:9      | Noticed a wizard
 13597 | D:9      | Killed a wizard
 13885 | D:10     | Entered Level 10 of the Dungeon
 13896 | D:10     | Acquired the +7 Spriggan's Knife {stab, EV+4 Stlth+}
 13896 | D:10     | Found the +7 Spriggan's Knife {stab, EV+4 Stlth+}
 13914 | D:10     | Noticed a death yak
 13914 | D:10     | Noticed a death yak
 13949 | D:10     | Noticed a death yak
 14333 | D:10     | Identified the +8 quarterstaff of the Open Hand {flame,
                  | *Slow rF+ rN++ SInv}
 14348 | D:10     | Found a staircase to the Lair.
 14595 | D:10     | Noticed a two-headed ogre
 14618 | D:10     | Killed a two-headed ogre
 16214 | D:10     | Found a large runed translucent door.
 16217 | D:10     | Found a large runed translucent door.
 16220 | D:10     | Noticed a tengu warrior
 16221 | D:10     | Noticed a tengu warrior
 16268 | D:9      | Killed a tengu warrior
 16269 | D:9      | Reached skill level 5 in Stealth
 16667 | D:10     | Killed a tengu warrior
 16668 | D:10     | Reached skill level 10 in Dodging
 16674 | D:10     | Learned a level 2 spell: Call Imp
 17051 | D:10     | Killed a death yak
 17052 | D:10     | Reached skill level 12 in Short Blades
 17321 | D:10     | Killed a death yak
 17322 | D:10     | Reached skill level 1 in Spellcasting
 17322 | D:10     | Reached skill level 1 in Summonings
 17328 | D:10     | Killed a death yak
 17525 | D:10     | Found a staircase to the Orcish Mines.
 17674 | D:11     | Found a frozen archway.
 17683 | IceCv    | Entered an ice cave
 18298 | D:11     | Reached skill level 10 in Fighting
 18445 | D:11     | Found a runed translucent door.
 18556 | D:12     | Noticed Psyche
 18563 | D:12     | Killed Psyche
 18587 | D:12     | You fall into a shaft and drop 1 floor!
 18601 | D:12     | Noticed Kirke
 18610 | D:12     | Noticed a sphinx
 18625 | D:12     | Noticed a sphinx
 18661 | D:11     | Noticed a sphinx
 18664 | D:11     | HP: 1/90 [sphinx[Kirke] (9)]
 18664 | D:11     | Slain by Kirke

Illustrated notes

Levels and vault maps discovered:
D:1:      dpeg_arrival_rhombi, layout_loops_ring, serial_shops, shop,
          minivault_26
D:2:      layout_basic, basic_altar, serial_corexii_hall,
          corexii_hall_statues_deadend, corexii_hall_statues_l,
          corexii_hall_statues_t, st_stairs_11, uniq_jessica, uniq_natasha
D:3:      layout_loops_ring, serial_shops, nicolae_lakefront_shop,
          dilly_ecumenical_altar_fadedgnrine, st_stairs_10,
          minmay_misc_feat_encased, eino_tiny_chamber, minmay_misc_feat_pillars,
          minmay_hedge_maze, serial_bayou_lagoon_a, minmay_cupped, uniq_pargi,
          uniq_ijyb
D:4:      layout_loops_ring
D:5:      minmay_spotlight, layout_basic, minmay_temple_entry_wispy,
          nrook_mini_vaults
D:6:      layout_rooms, nicolae_ru_awakened_eye, gup_sewer_entry_glass,
          uniq_crazy_yiuf_cottage, uniq_duvessa
D:7:      layout_gridville, chequers_ossuary_entry_cave
D:8:      layout_layer_cave, nicolae_overflow_hidden_temple, tgw_kikubaaqudgha,
          serial_shops, shop, special_room [special_room_orc],
          gammafunk_ghost_arena
D:9:      dragon1_lemuel, layout_gridville, trog_wizard
D:10:     layout_loops_cross, jmf_multi_god_temple2, dpeg_lair_monsters,
          orc_0_dummy
D:11:     layout_roguey, portal_ice_cave_entry_pillars_2, lightli_airlock
D:12:     layout_basic, drop_trap, uniq_kirke, uniq_psyche
D:13:     layout_irregular_city, david_vaults_1
Temple:   eino_temple_rhombus

Skill      XL: |  1  2  3  4  5  6  7  8  9 10 11 |
---------------+----------------------------------+-----
Short Blades   | 3 4 5 7 8 9 11 12 | 12.4
Stealth        | 2 3 4 5 |  5.0
Fighting       | 4 5 6 8 9 10 | 10.1
Dodging        | 4 7 9 10 | 10.7
Evocations     | 2 3 |  3.0
Spellcasting   | 2 |  2.0
Summonings     | 2 |  2.6
Translocations | |  0.4

Action                   |  1- 3 |  4- 6 |  7- 9 | 10-12 || total
-------------------------+-------+-------+-------+-------++-------
Melee: Short sword       |    66 |    73 |   184 |       ||   323
       Touch             |     9 |    27 |   114 |   140 ||   290
       Dagger            |       |    91 |   304 |   322 ||   717
       Punch             |       |     2 |     7 |    10 ||    19
       Knife             |       |       |       |   317 ||   317
       Unarmed           |       |       |       |     9 ||     9
 Cast: Call Imp          |       |       |       |    12 ||    12
       Blink             |       |       |       |     6 ||     6
Invok: Shadow Step       |       |       |       |     1 ||     1
Evoke: Wand              |       |       |     8 |     6 ||    14
  Use: Potion            |     1 |       |       |       ||     1
       Scroll            |     3 |       |    18 |     9 ||    30
 Stab: Sleeping          |     6 |    12 |    13 |    16 ||    47
Armor: Robe              |    14 |    24 |       |       ||    38
       Leather armour    |       |    22 |    23 |       ||    45
       Steam dragon scal |       |       |    55 |    96 ||   151
Dodge: Dodged            |    34 |   158 |   279 |   392 ||   863
Block: Other             |       |       |       |    11 ||    11

Table legend: (Time is in decaauts)
 A = Elapsed time spent in this place.
 B = Non-inter-level travel time spent in this place.
 C = Inter-level travel time spent in this place.
 D = Time resting spent in this place.
 E = Time spent auto-exploring this place.
 F = Levels seen in this place.
 G = Mean time per level.
                   A        B        C        D        E       F      G
               +--------+--------+--------+--------+--------+-----+--------+
         Total |  18098 |  17373 |    725 |   6800 |   6884 |  16 | 1131.1 |
       Dungeon |  16977 |  16252 |    725 |   6153 |   6771 |  13 | 1305.9 |
        Temple |    691 |    691 |      0 |    578 |     11 |   1 |  691.0 |
       Ossuary |    418 |    418 |      0 |     69 |    102 |   1 |  418.0 |
      Ice Cave |     10 |     10 |      0 |      0 |      0 |   1 |   10.0 |
               +--------+--------+--------+--------+--------+-----+--------+

Top non-repeatable levels by time:
    D:10: 2727 daAuts
     D:5: 2675 daAuts
     D:9: 2043 daAuts
     D:3: 1529 daAuts
     D:2: 1478 daAuts
     D:1: 1441 daAuts
     D:8: 1280 daAuts
     D:4: 969 daAuts
     D:6: 954 daAuts
     D:7: 952 daAuts
    D:11: 826 daAuts
  Temple: 691 daAuts
 Ossuary: 418 daAuts
    D:12: 85 daAuts
    D:13: 13 daAuts
